 Dungeon Sprint DCSS version 0.29-a0-409-gd843f3a48c (webtiles) character file.

Game seed: 15610250099506058499

9200000 Zeld the Conqueror (level 27, -41/228 HPs)
             Began as a Djinni Monk on May 14, 2022.
             Was the Champion of Makhleb.
             Killed by the air
             ... invoked by a tyrant
              (45 damage)
             ... in the Dungeon (Sprint VIII: "Arena of Blood").
             The game lasted 00:02:36 (92 turns).

Zeld the Conqueror (Djinni Monk)                      Turns: 92, Time: 00:02:37

Health: -41/228    AC:  4    Str: 20    XL:     27
Gold:   0          EV: 31    Int: 13    God:    Makhleb [******] SH:  0 Dex: 19

rFire   + + .      SeeInvis .   h - +∞ Axe of Woe
rCold   x . .      Faith    .   (shield currently unavailable)
rNeg    . . .      Spirit   .   a - +0 robe
rPois   ∞          Reflect  .   (no helmet)
rElec   .          Harm     .   (no cloak)
rCorr   .          Rampage  .   (no gloves)
Will    ++...      NoTele   +   (boots unavailable)
Stlth   ++++++++++              (no amulet)
HPRegen 0.48/turn               (no ring)
MPRegen 0.00/turn               (no ring)

@: flying
A: sickness immunity, fire resistance 2, cold vulnerability 1, float, innate
caster, HP casting, extra vitality 1
a: Renounce Religion, Minor Destruction, Lesser Servant of Makhleb, Major
Destruction, Greater Servant of Makhleb


You were in the Dungeon.
You worshipped Makhleb.
Makhleb was exalted by your worship.
You visited 1 branch

Inventory:

Hand Weapons
 h - the +∞ Axe of Woe (weapon)
   (You found it in the Dungeon)
Armour
 a - a +0 robe (worn)
Scrolls
 g - a scroll of blinking
Potions
 b - a potion of ambrosia
 c - a potion of curing
 d - a potion of heal wounds
 e - a potion of haste
 f - a potion of berserk rage


   Skills:
 O Level 27 Fighting
 O Level 27 Short Blades
 O Level 27 Long Blades
 O Level 27 Axes
 O Level 27 Maces & Flails
 O Level 27 Polearms
 O Level 27 Staves
 O Level 27 Slings
 O Level 27 Bows
 O Level 27 Crossbows
 O Level 27 Throwing
 O Level 27 Armour
 O Level 27 Dodging
 O Level 27 Stealth
 O Level 27 Shields
 O Level 27 Unarmed Combat
 O Level 27 Spellcasting
 O Level 27 Invocations
 O Level 27 Evocations


You had 11 spell levels left.
You knew the following spells:

 Your Spells              Type           Power      Damage    Failure   Level
a - Shock                 Conj/Air       100%       1d9       0%          1
b - Corpse Rot            Necr/Air       100%       N/A       0%          2
c - Stone Arrow           Conj/Erth      100%       3d13      0%          3
d - Gell's Gravitas       Tloc           73%        N/A       0%          3
e - Freezing Cloud        Conj/Ice/Air   36%        6-21      0%          5
f - Alistair's Intoxicat  Tmut/Pois      48%        N/A       0%          5
g - Death Channel         Necr           36%        N/A       0%          6
h - Orb of Destruction    Conj           36%        9d11      1%          7
i - Summon Cactus Giant   Summ           36%        N/A       0%          6
j - Ozocubu's Refrigerat  Ice            36%        4d12      1%          7
k - Monstrous Menagerie   Summ           36%        N/A       1%          7
l - Maxwell's Capacitive  Air            36%        ∞         1%          8
m - Dragon's Call         Summ           36%        N/A       3%          9
Your spell library was empty.

Dungeon Overview and Level Annotations

Branches:
Dungeon (1/1)

Altars:
Makhleb


Innate Abilities, Weirdness & Mutations

You are immune to sickness and miasma.
You are immune to poison.
Your flesh is very heat resistant. (rF++)
You are vulnerable to cold. (rC-)
You float through the air rather than walking.
You learn spells naturally, not from books.
Your magical power is your life essence.
You have superior vitality. (+4 MHP)


Message History

The accursed gestures at you while chanting.
Something smites you!
* * * LOW HITPOINT WARNING * * *
You hear a shout!
An accursed comes into view.
You hear a shout!
The eight-headed meat hydra calls on the powers of darkness!
The eight-headed meat hydra convulses!
The bag of meat convulses!
Your body is wracked with pain!
* * * LOW HITPOINT WARNING * * *
The bag of meat convulses!
You hear a shout!
You hear an angry squeal.
Unknown command.
Unknown command.
You hear a shout! x4
A bag of meat comes into view. It is wielding a +9 war axe.
The accursed points at you and mumbles some strange words.
Something smites you!
* * * LOW HITPOINT WARNING * * *
You hear a shout! x2
The destroyer gestures at you while chanting.
The destroyer blinks!
The destroyer casts a spell at you.
The destroyer blinks!
You hear a shout! x2
Items here: )))) ==== †††.
Unknown command.
You are too injured to fight recklessly!
Unknown command.
You slash the bag of meat!
You pulverise the bag of meat into a thin bloody mist.
You blow up the bag of meat!
Makhleb accepts your kill.
You hear a shout! x4
The accursed casts a spell at you. Something smites you!
* * * LOW HITPOINT WARNING * * *
The tyrant waves its bony arms in wide circles.
The air twists around and strikes you!!!
You die...

.. ..... #.. ...#
#... ...# . o
.###... ...###..
o.......###..V...
#.......)_V......
.... #.))).# .
o.... #_)<)_# ...
......#)@)))#.....
#.D...†))_{§.o....
.......M###)..Lo..
...###Wo. §°.###..
.. #.......# .
#oo..Vo@#
M.....ooo


MM..oo§§OD. ....o.o{2{. You could see 4 accurseds, a tyrant, an eight-headed
meat hydra, 2 destroyers, a dread and 5 bags of meat.

Vanquished Creatures
  Sigmund (D)
  4 hell beasts (D)
  4 wraiths (D)
  2 vampire knights (D)
  35 ogres (D)
  5 two-headed ogres (D)
  2 liches (D)
  A hydra (D)
  2 phantoms (D)
  34 orcs (D)
  5 skeletal warriors (D)
95 creatures vanquished.

Vanquished Creatures (others)
  A two-headed ogre (D)
1 creature vanquished.

Grand Total: 96 creatures vanquished

Notes
Turn   | Place    | Note
-------+----------+-------------------------------------------
     0 | D        | Found the +∞ Axe of Woe
     0 | D        | Zeld the Djinni Monk began the quest for the Orb.
     0 | D        | Reached XP level 1. HP: 20/20 MP: 0/0
     3 | D        | Noticed a bag of meat
     4 | D        | Became a worshipper of Makhleb the Destroyer
     4 | D        | Reached * piety under Makhleb
     4 | D        | Reached ** piety under Makhleb
     6 | D        | Noticed a bag of meat
     6 | D        | Noticed a meat berserker
     8 | D        | Noticed a meat berserker
     9 | D        | Noticed a bag of meat
    10 | D        | Killed a bag of meat
    10 | D        | Killed a meat berserker
    10 | D        | Noticed a bag of meat
    11 | D        | Reached XP level 2. HP: 48/48 MP: 0/0
    11 | D        | Reached XP level 3. HP: 53/53 MP: 0/0
    11 | D        | Learned a level 1 spell: Shock
    11 | D        | Reached XP level 4. HP: 60/60 MP: 0/0
    11 | D        | Reached XP level 5. HP: 66/66 MP: 0/0
    11 | D        | Learned a level 2 spell: Corpse Rot
    11 | D        | Reached XP level 6. HP: 72/72 MP: 0/0
    11 | D        | Reached XP level 7. HP: 78/78 MP: 0/0
    11 | D        | Learned a level 3 spell: Stone Arrow
    11 | D        | Reached XP level 8. HP: 85/85 MP: 0/0
    11 | D        | Reached XP level 9. HP: 90/90 MP: 0/0
    11 | D        | Learned a level 3 spell: Gell's Gravitas
    11 | D        | Reached XP level 10. HP: 97/97 MP: 0/0
    11 | D        | Reached XP level 11. HP: 103/103 MP: 0/0
    11 | D        | Learned a level 5 spell: Freezing Cloud
    11 | D        | Reached XP level 12. HP: 109/109 MP: 0/0
    11 | D        | Reached XP level 13. HP: 115/115 MP: 0/0
    11 | D        | Learned a level 5 spell: Alistair's Intoxication
    11 | D        | Killed a bag of meat
    11 | D        | Noticed a bag of meat
    12 | D        | Killed a meat berserker
    12 | D        | Reached *** piety under Makhleb
    12 | D        | Noticed a bag of meat
    13 | D        | Reached XP level 14. HP: 128/128 MP: 0/0
    14 | D        | Killed a bag of meat
    14 | D        | Noticed a bag of meat
    14 | D        | Noticed a meat berserker
    14 | D        | Noticed a meat berserker
    14 | D        | Noticed a meat berserker
    15 | D        | Killed a bag of meat
    16 | D        | Reached skill level 5 in Spellcasting
    16 | D        | Reached XP level 15. HP: 137/137 MP: 0/0
    16 | D        | Learned a level 6 spell: Death Channel
    16 | D        | Killed a meat berserker
    16 | D        | Reached **** piety under Makhleb
    16 | D        | Noticed a meat berserker
    17 | D        | Reached skill level 10 in Axes
    17 | D        | Killed a meat berserker
    17 | D        | Noticed a meat berserker
    17 | D        | Noticed a meat berserker
    17 | D        | Noticed a meat berserker
    17 | D        | Noticed a meat berserker
    18 | D        | Reached XP level 16. HP: 60/149 MP: 0/0
    18 | D        | Killed a meat berserker
    18 | D        | Reached ***** piety under Makhleb
    18 | D        | Noticed a large bag of meat
    18 | D        | Noticed a meat berserker
    19 | D        | Reached skill level 10 in Stealth
    20 | D        | Reached XP level 17. HP: 119/158 MP: 0/0
    20 | D        | Learned a level 7 spell: Orb of Destruction
    20 | D        | Killed a meat berserker
    20 | D        | Killed a meat berserker
    20 | D        | Noticed a meat berserker
    21 | D        | Reached skill level 27 in Fighting
    21 | D        | Reached skill level 27 in Dodging
    21 | D        | Reached skill level 15 in Spellcasting
    21 | D        | Noticed a large bag of meat
    21 | D        | Killed a meat berserker
    21 | D        | Killed a meat berserker
    21 | D        | Reached ****** piety under Makhleb
    22 | D        | Reached skill level 27 in Unarmed Combat
    22 | D        | Reached XP level 18. HP: 139/167 MP: 0/0
    22 | D        | Killed a meat berserker
    22 | D        | Killed a large bag of meat
    23 | D        | Reached XP level 19. HP: 84/174 MP: 0/0
    23 | D        | Learned a level 6 spell: Summon Cactus Giant
    23 | D        | Killed a meat berserker
    24 | D        | Noticed a meat berserker
    26 | D        | Reached skill level 27 in Axes
    26 | D        | Reached skill level 15 in Stealth
    26 | D        | Reached XP level 20. HP: 129/181 MP: 0/0
    26 | D        | Killed a meat berserker
    27 | D        | Noticed a meat berserker
    27 | D        | Noticed a large bag of meat
    28 | D        | Noticed a meat berserker
    28 | D        | Noticed a meat berserker
    29 | D        | Reached skill level 27 in Spellcasting
    29 | D        | Noticed a meat berserker
    30 | D        | Killed a large bag of meat
    30 | D        | Killed a meat berserker
    31 | D        | Reached XP level 21. HP: 171/187 MP: 0/0
    31 | D        | Learned a level 7 spell: Ozocubu's Refrigeration
    31 | D        | Noticed a large bag of meat
    32 | D        | Reached skill level 27 in Stealth
    34 | D        | Killed a meat berserker
    34 | D        | Killed a meat berserker
    35 | D        | Killed a meat berserker
    35 | D        | Killed a meat berserker
    36 | D        | Reached XP level 22. HP: 194/194 MP: 0/0
    37 | D        | Killed a large bag of meat
    37 | D        | Noticed a meat berserker
    38 | D        | Reached skill level 10 in Short Blades
    38 | D        | Reached skill level 10 in Long Blades
    38 | D        | Reached skill level 10 in Staves
    38 | D        | Reached skill level 10 in Armour
    38 | D        | Reached skill level 10 in Shields
    38 | D        | Reached skill level 10 in Invocations
    38 | D        | Reached skill level 10 in Evocations
    40 | D        | Reached skill level 10 in Maces & Flails
    40 | D        | Reached skill level 10 in Polearms
    40 | D        | Reached skill level 10 in Slings
    40 | D        | Reached skill level 10 in Bows
    40 | D        | Reached skill level 10 in Crossbows
    40 | D        | Reached skill level 10 in Throwing
    40 | D        | Reached XP level 23. HP: 196/201 MP: 0/0
    40 | D        | Learned a level 7 spell: Monstrous Menagerie
    40 | D        | Killed a large bag of meat
    48 | D        | Noticed a tyrant
    52 | D        | Reached skill level 15 in Armour
    52 | D        | Reached skill level 15 in Shields
    52 | D        | Reached skill level 15 in Invocations
    52 | D        | Reached skill level 15 in Evocations
    52 | D        | Reached XP level 24. HP: 131/208 MP: 0/0
    53 | D        | Noticed a large bag of meat
    54 | D        | Noticed a destroyer
    54 | D        | Noticed a destroyer
    55 | D        | Killed a tyrant
    56 | D        | Reached skill level 15 in Short Blades
    56 | D        | Reached skill level 15 in Long Blades
    56 | D        | Reached skill level 15 in Staves
    59 | D        | Noticed a dread
    60 | D        | Noticed a dread
    60 | D        | Noticed a destroyer
    60 | D        | Noticed The Captor
    61 | D        | Noticed a dread
    61 | D        | Killed a large bag of meat
    62 | D        | Reached skill level 15 in Maces & Flails
    62 | D        | Reached skill level 15 in Polearms
    62 | D        | Reached skill level 15 in Slings
    62 | D        | Reached skill level 15 in Bows
    62 | D        | Reached skill level 15 in Crossbows
    62 | D        | Reached skill level 15 in Throwing
    63 | D        | Killed a dread
    64 | D        | Reached XP level 25. HP: 148/214 MP: 0/0
    64 | D        | Learned a level 8 spell: Maxwell's Capacitive Coupling
    64 | D        | Noticed a destroyer
    64 | D        | Noticed a meat beast
    64 | D        | Noticed an accursed
    65 | D        | Noticed a dread
    65 | D        | Killed a dread
    67 | D        | Killed a dread
    67 | D        | Killed The Captor
    67 | D        | Noticed a tyrant
    68 | D        | Reached XP level 26. HP: 153/221 MP: 0/0
    69 | D        | Noticed a meat beast
    74 | D        | Killed a meat beast
    75 | D        | Reached XP level 27. HP: 178/228 MP: 0/0
    75 | D        | Learned a level 9 spell: Dragon's Call
    75 | D        | Killed a dread
    76 | D        | Killed a meat beast
    78 | D        | Killed a destroyer
    78 | D        | Noticed a meat beast
    80 | D        | Noticed a meat beast
    81 | D        | Killed a tyrant
    84 | D        | Killed a meat beast
    84 | D        | Noticed a large bag of meat
    84 | D        | Noticed a destroyer
    84 | D        | Noticed a dread
    84 | D        | Noticed a dread
    85 | D        | Reached skill level 27 in Armour
    85 | D        | Reached skill level 27 in Shields
    85 | D        | Reached skill level 27 in Invocations
    85 | D        | Reached skill level 27 in Evocations
    85 | D        | Killed a meat beast
    86 | D        | Reached skill level 27 in Short Blades
    86 | D        | Reached skill level 27 in Long Blades
    86 | D        | Reached skill level 27 in Staves
    86 | D        | Noticed a meat beast
    86 | D        | Noticed an accursed
    87 | D        | Noticed a tyrant
    88 | D        | Noticed an accursed
    88 | D        | HP: 11/228 [accursed/divine providence (12)]
    88 | D        | Killed a large bag of meat
    89 | D        | Noticed an accursed
    89 | D        | Killed a destroyer
    90 | D        | Reached skill level 27 in Maces & Flails
    90 | D        | Reached skill level 27 in Polearms
    90 | D        | Reached skill level 27 in Slings
    90 | D        | Reached skill level 27 in Bows
    90 | D        | Reached skill level 27 in Crossbows
    90 | D        | Reached skill level 27 in Throwing
    90 | D        | Noticed an accursed
    92 | D        | HP: 4/228 [accursed/divine providence (12)]
    92 | D        | Killed from afar by a tyrant

Illustrated notes

Levels and vault maps discovered:
D:        meatsprint

Skill      XL: |  1  2  3  4  5  6  7  8  9 10 11 12 13 14 15 16 17 18 19 20 21 22 23 24 25 26 27 |
---------------+----------------------------------------------------------------------------------+-----
Fighting       | 18 21 22 25 26 27 | 27.0
Axes           | 6 8 9 12 13 21 25 27 | 27.0
Dodging        | 19 22 23 25 26 27 | 27.0
Stealth        | 7 8 9 10 12 13 15 26 27 | 27.0
Unarmed Combat | 17 20 21 23 24 27 | 27.0
Spellcasting   | 5 9 11 18 21 24 27 | 27.0
Short Blades   | 9 11 14 17 19 22 27 | 27.0
Long Blades    | 9 11 14 17 19 22 27 | 27.0
Maces & Flails | 8 10 13 16 18 20 27 | 27.0
Polearms       | 8 10 13 16 18 20 27 | 27.0
Staves         | 9 11 14 17 19 22 27 | 27.0
Slings         | 8 10 13 16 18 20 27 | 27.0
Bows           | 8 10 13 16 18 20 27 | 27.0
Crossbows      | 8 10 13 16 18 20 27 | 27.0
Throwing       | 8 10 13 16 18 20 27 | 27.0
Armour         | 9 11 15 17 20 22 27 | 27.0
Shields        | 9 11 15 17 20 22 27 | 27.0
Invocations    | 9 11 15 17 20 22 27 | 27.0
Evocations     | 9 11 15 17 20 22 27 | 27.0

Action                   |  1- 3 |  4- 6 |  7- 9 | 10-12 | 13-15 | 16-18 | 19-21 | 22-24 | 25-27 || total
-------------------------+-------+-------+-------+-------+-------+-------+-------+-------+-------++-------
Melee: Executioner's axe |     1 |       |       |       |     6 |     5 |     9 |    14 |    22 ||    57
 Cast: Ozocubu's Refrige |       |       |       |       |       |       |       |     2 |       ||     2
       Monstrous Menager |       |       |       |       |       |       |       |     3 |       ||     3
       Maxwell's Capacit |       |       |       |       |       |       |       |       |     1 ||     1
Dodge: Dodged            |       |       |       |       |     1 |       |     1 |     3 |    10 ||    15

Table legend: (Time is in decaauts)
 A = Elapsed time spent in this place.
 B = Non-inter-level travel time spent in this place.
 C = Inter-level travel time spent in this place.
 D = Time resting spent in this place.
 E = Time spent auto-exploring this place.
 F = Levels seen in this place.
 G = Mean time per level.
                   A        B        C        D        E       F      G
               +--------+--------+--------+--------+--------+-----+--------+
         Total |     86 |     86 |      0 |      0 |      0 |   1 |   86.0 |
       Dungeon |     86 |     86 |      0 |      0 |      0 |   1 |   86.0 |
               +--------+--------+--------+--------+--------+-----+--------+

Top non-repeatable levels by time:
       D: 86 daAuts
